 Dungeon Crawl Stone Soup version 0.22.1-2-g9c5b331 (webtiles) character file.

378334 dvd the Scorcher (level 22, -1/130 HPs)
             Began as an Octopode Fire Elementalist on Nov 26, 2018.
             Was the Champion of Vehumet.
             Shot with an arrow by a deep elf master archer (13 damage)
             ... on level 3 of the Elven Halls on Nov 29, 2018.
             The game lasted 03:22:24 (49331 turns).

dvd the Scorcher (Octopode Fire Elementalist)      Turns: 49331, Time: 03:22:25

Health: -1/130     AC:  3    Str:  8    XL:     22   Next: 83%
Magic:  15/62      EV: 19    Int: 38    God:    Vehumet [******]
Gold:   1235       SH: 14    Dex: 17    Spells: 4/58 levels left

rFire    + + +     SeeInvis +   K - +6 morningstar "Plog" {freeze, +Fly rPois rN+}
rCold    x x x     Gourm    .   h - +3 warlock's mirror {reflect}
rNeg     + + .     Faith    .   t - +2 hat {Int+3}
rPois    +         Spirit   .   R - amulet "Qoba" {Reflect rElec rN+ Dex-3 SH+3}
rElec    +         Reflect  +   J - ring of fire
rCorr    .         Harm     .   B - ring of poison resistance
MR       ++...                  i - ring of fire
Stlth    +++++.....             D - ring of magical power
HPRegen  0.31/turn              q - +4 ring of intelligence
MPRegen  0.38/turn              L - ring of Javigoith {rC- MR+ Dex+2 Slay+6 SInv}
                                Q - ring of Jiun {+Inv MP+9 Int+5 Dex+5}
                                j - ring of fire

@: lethally poisoned (-1 -> -3)
A: almost no armour, stealthy swim, amphibious, 8 rings, constrict 8, fangs 1,
camouflage 1, fire resistance 1, gelatinous body 1, MP-powered wands
}: 2/15 runes: barnacled, gossamer
a: Renounce Religion, Evoke Invisibility, Evoke Flight


You were on level 3 of the Elven Halls.
You worshipped Vehumet.
Vehumet was exalted by your worship.
You were hungry.

You visited 8 branches of the dungeon, and saw 38 of its levels.
You also visited: Labyrinth, Sewer and Bailey.

You collected 3740 gold pieces.
You spent 2505 gold pieces at shops.

Inventory:

Hand Weapons
 o - the +4 short sword "Concordance" {speed, rF+ Str-5 Dex+2, unknown}
   (You took it off a deep elf high priest on level 3 of the Elven Halls)

   Attacks with this weapon are significantly faster.
   It affects your strength (-5).
   It affects your dexterity (+2).
   It protects you from fire.
 K - the +6 morningstar "Plog" (weapon) {freeze, +Fly rPois rN+}
   (You took it off a deep elf knight on level 3 of the Elven Halls)

   It has been specially enchanted to freeze those struck by it, causing extra
   injury to most foes and up to half again as much damage against particularly
   susceptible opponents.
   It can also slow down cold-blooded creatures.
   It protects you from poison.
   It protects you from negative energy.
   It lets you fly.
 P - a +4 demon trident of electrocution
 X - a +2 mace of protection
Missiles
 m - 58 tomahawks of returning (quivered)
Armour
 h - the +3 warlock's mirror (worn) {reflect}
   (You bought it in a shop on level 2 of the Elven Halls)
 t - a +2 hat of intelligence (worn)
Jewellery
 e - a +3 ring of evasion
 i - a ring of fire (on tentacle)
 j - a ring of fire (on tentacle)
 q - a +4 ring of intelligence (on tentacle)
 B - a ring of poison resistance (right tentacle)
 D - a ring of magical power (on tentacle)
 J - a ring of fire (left tentacle)
 L - the ring of Javigoith (on tentacle) {rC- MR+ Dex+2 Slay+6 SInv}
   (You found it on level 4 of the Lair of Beasts)

   [ring of protection from magic]

   It affects your dexterity (+2).
   It affects your accuracy and damage with ranged weapons and melee attacks
   (+6).
   It makes you vulnerable to cold.
   It affects your resistance to hostile enchantments.
   It lets you see invisible.
 Q - the ring of Jiun (on tentacle) {+Inv MP+9 Int+5 Dex+5}
   (You found it on level 6 of the Lair of Beasts)

   [ring of intelligence]

   It affects your intelligence (+5).
   It affects your dexterity (+5).
   It affects your magic capacity (+9).
   It lets you turn invisible.
 R - the amulet "Qoba" (around mantle) {Reflect rElec rN+ Dex-3 SH+3}
   (You found it on level 4 of the Shoals)

   [amulet of reflection]

   It shields you and reflects attacks.
   It affects your dexterity (-3).
   It insulates you from electricity.
   It protects you from negative energy.
   It affects your SH (+3).
 U - an uncursed ring of resist corrosion
 Y - an uncursed ring of protection from magic
Wands
 c - a wand of flame (67)
 v - a wand of iceblast (20)
 C - a wand of random effects (67)
 E - a wand of enslavement (7)
 G - a wand of digging (31)
 H - a wand of acid (25)
 M - a wand of paralysis (12)
Scrolls
 a - 8 scrolls of remove curse
 d - 15 scrolls of identify
 k - 4 scrolls of holy word
 l - 11 scrolls of teleportation
 s - 7 scrolls of blinking
 y - 2 scrolls of fog
 A - 4 scrolls of amnesia
 N - 4 scrolls of enchant weapon
 O - 5 scrolls of fear
 T - 2 scrolls of magic mapping
 V - a scroll of summoning
Potions
 f - 12 potions of agility
 g - 9 potions of heal wounds
 n - 5 potions of curing
 p - 8 potions of flight
 r - 7 potions of might
 u - 2 potions of resistance
 x - 8 potions of brilliance
 F - 4 potions of haste
 I - 3 potions of invisibility
 S - 4 potions of ambrosia
 Z - a potion of cancellation
Comestibles
 b - 39 rations
 z - 2 chunks of flesh


   Skills:
 + Level 5.3 Fighting
 + Level 1.8 Short Blades
   Level 0.1(1.1) Long Blades
   Level 1.0(4.1) Axes
 + Level 6.1(6.2) Maces & Flails
 + Level 1.3(1.5) Polearms
 + Level 8.5 Dodging
 + Level 7.8 Stealth
 + Level 13.4 Shields
 + Level 18.5 Spellcasting
 + Level 15.1 Conjurations
 + Level 3.4 Charms
 + Level 8.3 Necromancy
 + Level 1.6 Translocations
 + Level 1.4 Transmutations
 * Level 19.8 Fire Magic
 + Level 1.0 Ice Magic
 * Level 5.5 Air Magic
 + Level 8.8 Poison Magic
 + Level 1.1 Evocations


You had 4 spell levels left.
You knew the following spells:

 Your Spells              Type           Power        Failure   Level  Hunger
a - Flame Tongue          Conj/Fire      #####        0%          1    None
b - Regeneration          Chrm/Necr      ######....   1%          3    None
c - Ignition              Fire           #########.   1%          8    ####...
d - Fireball              Conj/Fire      #########.   0%          5    None
e - Throw Frost           Conj/Ice       ######       1%          2    None
f - Olgreb's Toxic Radia  Pois           #######.     1%          4    None
g - Bolt of Draining      Conj/Necr      #######...   1%          5    None
h - Bolt of Fire          Conj/Fire      #########.   1%          6    None
i - Irradiate             Conj/Tmut      #######...   1%          5    None
j - Orb of Destruction    Conj           ########..   1%          7    None
k - Blink                 Tloc           N/A          1%          2    None
l - Sublimation of Blood  Necr           #######...   1%          2    None
m - Airstrike             Air            ######....   1%          4    None

Your spell library contained the following spells:

 Spells                   Type           Power        Failure   Level  Hunger
 Fire Storm               Conj/Fire      #########.   17%         9    #####..
 Shatter                  Erth           #####.....   100%        9    #####..
 Magic Dart               Conj           ####         0%          1    None
 Shock                    Conj/Air       ####         0%          1    None
 Sting                    Conj/Pois      ####         0%          1    None
 Throw Flame              Conj/Fire      ######       0%          2    None
 Conjure Flame            Conj/Fire      ########     0%          3    None
 Sticky Flame             Conj/Fire      ########     0%          4    None
 Animate Skeleton         Necr           N/A          1%          1    None
 Corona                   Hex            #####..      1%          1    None
 Infusion                 Chrm           ####         1%          1    None
 Pain                     Necr           ####         1%          1    None
 Call Imp                 Summ           #####...     1%          2    None
 Corpse Rot               Necr           N/A          1%          2    None
 Ensorcelled Hibernation  Hex/Ice        #####.       1%          2    None
 Passwall                 Tmut/Erth      #####...     1%          2    None
 Poisonous Vapours        Pois/Air       ######       1%          2    None
 Shroud of Golubria       Chrm/Tloc      ######....   1%          2    None
 Slow                     Hex            #####...     1%          2    None
 Song of Slaying          Chrm           ######..     1%          2    None
 Swiftness                Chrm/Air       ######..     1%          2    None
 Dazzling Spray           Conj/Hex       ######       1%          3    None
 Inner Flame              Hex/Fire       ########     1%          3    None
 Mephitic Cloud           Conj/Pois/Air  #######.     1%          3    None
 Portal Projectile        Hex/Tloc       #####.       1%          3    None
 Recall                   Summ/Tloc      N/A          1%          3    None
 Spectral Weapon          Hex/Chrm       #####...     1%          3    None
 Static Discharge         Conj/Air       #######.     1%          3    None
 Vampiric Draining        Necr           #######...   1%          3    None
 Animate Dead             Necr           N/A          1%          4    None
 Confuse                  Hex            #####...     2%          3    None
 Tukima's Dance           Hex            #####...     2%          3    None
 Cause Fear               Hex            #####.....   9%          4    None
 Leda's Liquefaction      Hex/Erth       #####.....   9%          4    None
 Agony                    Necr           #######.     1%          5    None
 Bolt of Magma            Conj/Fire/Erth #########.   1%          5    None
 Dispel Undead            Necr           #######.     1%          5    None
 Excruciating Wounds      Chrm/Necr      ######....   1%          5    None
 Iskenderun's Battlesphe  Conj/Chrm      #######.     1%          5    None
 Lightning Bolt           Conj/Air       #######...   1%          5    None
 Venom Bolt               Conj/Pois      #######...   1%          5    None
 Iron Shot                Conj/Erth      #######...   1%          6    None
 Borgnjor's Vile Clutch   Necr/Erth      ######....   4%          5    None
 Spellforged Servitor     Conj/Summ      #######...   9%          7    None
 Summon Forest            Summ/Tloc      #####.....   17%         5    None
 Aura of Abjuration       Summ           #####.....   24%         5    None
 Summon Demon             Summ           #####.....   24%         5    None
 Summon Mana Viper        Hex/Summ       #####...     24%         5    None
 Hydra Form               Tmut           #####.....   58%         6    None
 Statue Form              Tmut/Erth      #####....    67%         6    None
 Shadow Creatures         Summ           N/A          78%         6    None
 Dragon Form              Tmut           #####.....   99%         7    None


Dungeon Overview and Level Annotations

Branches:
Dungeon (15/15)            Temple (1/1) D:4            Lair (6/6) D:10
 Shoals (4/4) Lair:3       Spider (4/4) Lair:3        Slime (0/5) Lair:6
    Orc (2/2) D:11            Elf (3/3) Orc:2        Vaults (3/5) D:14
  Crypt (0/3) Vaults:2     Depths (0/5) D:15

Altars:
Ashenzari
Cheibriados
Dithmenos
Elyvilon
Fedhas
Gozag
Hepliaklqana
Kikubaaqudgha
Makhleb
Nemelex Xobeh
Okawaru
Qazlal
Ru
Sif Muna
Trog
Uskayaw
Vehumet
Wu Jian
Xom
Yredelemnul
Zin
The Shining One
Jiyva

Shops:
D:5 !   D:9 (   D:15 [   Orc:2 :(*[   Elf:1 ((%!!   Elf:2 [   Elf:3 (
Shoals:3 !=**

Portals:
Trove: Elf:3 (show abyssal rune of Zot)


Innate Abilities, Weirdness & Mutations

You cannot wear most types of armour.
You are very stealthy in the water. (Stealth+)
You are amphibious.
You can wear up to eight rings at the same time.
You can use your tentacles to constrict eight enemies at once.
Your skin changes colour to match your surroundings (Stealth+).
Your rubbery body absorbs attacks. (AC +1, EV +1)
You have very sharp teeth.
Your flesh is heat resistant. (rF+)
You expend magic power (3 MP) to strengthen your wands.


Message History

You feel sick.
Unknown command.
Unknown command.
Unknown command.
Casting: Ignition (safe; 1% risk of failure)
Confirm with . or Enter, or press ? or * to list all spells.
You feel a huge surge of power!
The air bursts into flame!
The fireball engulfs the deep elf master archer.
The deep elf master archer is almost dead.
The fireball engulfs the deep elf mage.
You kill the deep elf mage!
Vehumet accepts your kill.
You feel your power returning.
The deep elf master archer wields a longbow.
The deep elf master archer shoots an arrow.
The arrow hits you!!
* * * LOW HITPOINT WARNING * * *
The deep elf master archer shoots an arrow.
The arrow hits you!
You die...

**,,,*,,*,,,*,,,*,,,*,,*,
*,,,##,,,,,,,,,,,,,,,,,**
*,*,#.,,,,,,,,,,,,*,,,,,*
**,,,#.,*****,,⌠,,*****,,*
*,,,##.,,*,,,,,,,,,,,,,,,*
*,*,#..,,,,,,,,,,,,,,,,,,,
**,,,#..###,,#######,,***,,
*,,,##..).####.....####.,,,
****#....)@)...).e...).),,,
###........)..#.....,,*
####...)..)).....#***
####)).[)..##** ####)####
#...# #...# #..## ##.#


You could see a deep elf master archer.

Vanquished Creatures
  Mennas (Vaults:3)
  Frederick (Vaults:2)
  Nikola (Shoals:1)
  A tentacled monstrosity (Vaults:2)
  A titan (Shoals:1)
  Asterion (Vaults:1)
  2 deep elf master archers (Elf:3)
  3 deep elf blademasters
  A sphinx (Vaults:3)
  The ghost of Gaham the Sniper, an adept BaHu of Okawaru (Shoals:3)
  3 tengu reavers (Vaults:3)
  A frost giant (Vaults:3)
  6 vault wardens
  5 deep elf sorcerers
  4 emperor scorpions
  Louise (Shoals:2)
  4 ghost moths (Spider:4)
  6 deep elf elementalists
  An orc warlord (Orc:2)
  9 ironheart preservers
  An entropy weaver (Spider:4)
  3 stone giants
  8 deep elf annihilators
  5 dire elephants (Lair:6)
  Azrael (D:13)
  6 deep elf demonologists
  A minotaur (Lab)
  2 spark wasps (Spider:4)
  3 deep elf death magi
  3 fire dragons
  2 ettins (Vaults:3)
  6 merfolk impalers
  2 merfolk javelineers (Shoals:4)
  Josephine (D:15)
  6 yaktaur captains
  8 vault guards
  2 deep elf high priests (Elf:3)
  4 hydras
  2 ice dragons
  3 rakshasas
  6 centaur warriors
  The ghost of smtktc the Devastator, a journeyman DECj of Sif Muna (Lair:4)
  An anaconda (Lair:6)
  Erica (D:8)
  3 merfolk avatars
  3 alligator snapping turtles (Shoals:4)
  2 merfolk aquamancers
  25 dancing weapons
  The ghost of brandon the Thaumaturge, a journeyman DEFE of Vehumet (D:12)
  7 ogre magi
  4 orc high priests (Orc:2)
  16 two-headed ogres
  A satyr (Shoals:4)
  Urug (D:13)
  27 deep elf knights
  A small abomination (Elf:3)
  A shadow wraith (Vaults:3)
  7 wizards
  8 deep trolls
  3 glowing orange brains (Vaults:3)
  7 skeletal warriors (D:15)
  An unseen horror (shapeshifter) (Vaults:3)
  16 orc knights
  13 sea snakes
  10 ironbrand convokers
  17 deep elf archers
  11 harpies
  2 necromancers
  A harpy (shapeshifter) (Vaults:2)
  30 orb spiders
  2 oklob plants (Lair:6)
  6 orc sorcerers
  34 wolf spiders
  77 deep elf magi
  16 ugly things
  13 manticores
  13 fauns
  3 moths of wrath
  16 elephants
  7 merfolk sirens
  9 cyclopes
  8 water nymphs
  10 black mambas
  Maurice (D:8)
  8 vault sentinels
  A torpor snail (Spider:2)
  4 centaur skeletons
  10 spiny frogs
  5 gargoyles
  2 freezing wraiths
  5 rime drakes
  8 komodo dragons
  13 demonic crawlers
  11 yaktaurs
  A meliai (shapeshifter) (Elf:1)
  26 merfolk
  9 trolls
  36 jumping spiders
  2 polar bears (Lair:6)
  A queen bee (shapeshifter) (Vaults:2)
  A tengu simulacrum (Vaults:2)
  Grinder (D:3)
  9 hornets
  13 slime creatures
  8 blink frogs
  A dream sheep (shapeshifter) (D:15)
  9 wind drakes
  A hippogriff (shapeshifter) (Vaults:1)
  4 dream sheep (Shoals:1)
  14 hippogriffs
  The ghost of Sharpo the Shield-Bearer, an amateur GrFi (D:4)
  13 snapping turtles
  A human simulacrum (Vaults:1)
  92 redbacks
  6 air elementals
  6 spriggans (Lair:5)
  8 water elementals
  2 shadows
  29 tarantellas
  A spriggan (shapeshifter) (Elf:2)
  A golden eye (shapeshifter) (D:13)
  9 wraiths
  A wyvern (Lair:6)
  2 vampires
  2 basilisks
  3 fire elementals
  51 yaks
  Grum (D:8)
  7 steam dragons
  7 vampire mosquitoes
  2 hungry ghosts (D:11)
  4 neqoxecs (D:12)
  7 wargs
  A soldier ant (D:13)
  18 water moccasins
  7 porcupines
  6 sky beasts
  4 hell hounds (D:13)
  2 ice beasts
  A black bear (Lair:3)
  58 orc warriors
  An eye of draining (D:15)
  2 phantoms
  3 elephant zombies (Lair:4)
  2 wolves (D:8)
  21 ogres
  4 necrophages
  23 centaurs
  11 crocodiles
  4 big kobolds
  An elf zombie (D:8)
  10 bullfrogs
  A gnoll sergeant (D:5)
  An earth elemental (Elf:2)
  A wyvern skeleton (D:8)
  6 scorpions
  6 killer bees
  14 wights
  3 howler monkeys
  3 electric eels (Lair:4)
  8 crimson imps
  4 centaur zombies
  A bullfrog zombie (D:11)
  3 quasits
  4 hounds
  3 human zombies (D:8)
  Crazy Yiuf (D:3)
  3 jellies
  26 orc priests
  33 orc wizards
  4 iguanas
  4 hell rats (Lair:4)
  7 worker ants
  2 bullfrog simulacra (D:4)
  A centaur simulacrum (D:4)
  A crocodile zombie (Lair:4)
  A mummy (D:8)
  A howler monkey zombie (D:5)
  A worker ant zombie (D:7)
  7 gnolls
  10 adders
  7 river rats (Sewer)
  3 shadow imps
  A white imp (D:4)
  2 oozes (D:1)
  2 adder skeletons
  4 worms
  A dart slug (D:1)
  8 leopard geckos
  110 orcs
  15 bats
  8 giant cockroaches
  10 goblins
  16 hobgoblins
  10 jackals
  10 quokkas
  7 ball pythons
  A ball python simulacrum (D:4)
  4 frilled lizards
  A jackal simulacrum (D:4)
  A jackal skeleton (D:4)
  47 kobolds
  An orc skeleton (D:8)
  An orc zombie (D:8)
  30 rats
  A bush (Lair:6)
  3 crawling corpses (Elf:3)
  3 fungi
  7 plants
1676 creatures vanquished.

Vanquished Creatures (collateral kills)
  A fire elemental (D:13)
  2 hell hounds (D:13)
3 creatures vanquished.

Vanquished Creatures (others)
  A stone giant (Vaults:3)
  2 merfolk javelineers
  A yaktaur captain (Vaults:2)
  A merfolk aquamancer (Shoals:4)
  2 cyclopes (Shoals:1)
  4 fauns
  A merfolk (Shoals:2)
  10 fungi
  11 plants
33 creatures vanquished.

Grand Total: 1712 creatures vanquished

Notes
Turn   | Place    | Note
-------+----------+-------------------------------------------
     0 | D:1      | dvd the Octopode Fire Elementalist began the quest for the
                  | Orb.
     0 | D:1      | Reached XP level 1. HP: 11/11 MP: 3/3
     2 | D:1      | Found a runed door.
   269 | D:1      | Reached XP level 2. HP: 17/17 MP: 0/5
   329 | D:1      | Learned a level 2 spell: Throw Flame
  1120 | D:1      | Reached XP level 3. HP: 21/21 MP: 3/6
  1706 | D:2      | Noticed an ogre
  1952 | D:2      | Noticed a necrophage
  2015 | D:3      | Noticed Grinder
  2051 | D:2      | Killed an ogre
  2051 | D:2      | Reached skill level 1 in Short Blades
  2051 | D:2      | Reached XP level 4. HP: 27/27 MP: 0/8
  2051 | D:2      | Reached XP level 5. HP: 31/31 MP: 0/9
  2138 | D:2      | Learned a level 4 spell: Sticky Flame
  2156 | D:2      | Reached skill level 4 in Fire Magic
  2186 | D:2      | Found an opulent altar of Gozag.
  2256 | D:2      | Killed a necrophage
  2256 | D:2      | Reached XP level 6. HP: 37/37 MP: 5/10
  2465 | D:2      | Found a faded altar of an unknown god.
  3094 | D:3      | Paralysed by Grinder for 4 turns
  3112 | D:3      | Killed Grinder
  3112 | D:3      | Reached skill level 1 in Fighting
  3112 | D:3      | Reached XP level 7. HP: 29/43 MP: 3/12
  3378 | D:3      | Found a runed door.
  3382 | D:3      | Noticed Crazy Yiuf
  3480 | D:3      | Killed Crazy Yiuf
  3564 | D:4      | Noticed Sharpo's ghost (amateur GrFi)
  3594 | D:4      | Found a runed gate.
  3608 | D:4      | Found a glowing drain.
  3659 | Sewer    | Entered a sewer
  4083 | Sewer    | Reached skill level 5 in Fire Magic
  4835 | D:4      | Found a hide-covered altar of Uskayaw.
  4835 | D:4      | Found a shattered altar of Ashenzari.
  4877 | D:4      | Found a runed gate.
  4877 | D:4      | Found a runed gate.
  5111 | D:4      | Reached XP level 8. HP: 23/48 MP: 6/14
  5442 | D:4      | Found a staircase to the Ecumenical Temple.
  5450 | Temple   | Entered the Ecumenical Temple
  5487 | Temple   | Became a worshipper of Vehumet
  5645 | D:5      | Entered Level 5 of the Dungeon
  5695 | D:5      | Learned a level 5 spell: Fireball
  5991 | D:5      | Reached skill level 5 in Stealth
  6142 | D:5      | Reached skill level 1 in Maces & Flails
  6319 | D:5      | Reached skill level 5 in Spellcasting
  6525 | D:5      | Reached * piety under Vehumet
  6525 | D:5      | Offered knowledge of Shock by Vehumet.
  6684 | D:5      | Found a deep blue altar of Sif Muna.
  6754 | D:5      | Found Lyegec's Distillery.
  6760 | D:5      | Bought a potion of heal wounds for 60 gold pieces
  6760 | D:5      | Bought a potion of curing for 36 gold pieces
  7118 | D:6      | Reached skill level 5 in Conjurations
  7118 | D:6      | Reached XP level 9. HP: 53/53 MP: 17/17
  7126 | D:6      | Reached skill level 6 in Fire Magic
  7647 | D:6      | Offered knowledge of Throw Frost by Vehumet.
  7655 | D:6      | Learned a level 2 spell: Throw Frost
  7859 | D:6      | Found a white marble altar of Elyvilon.
  7888 | D:7      | Reached ** piety under Vehumet
  9314 | D:8      | Found a sparkling altar of Nemelex Xobeh.
  9340 | D:8      | Noticed Grum
  9527 | D:8      | Noticed Maurice
  9619 | D:8      | Found an ornate altar of the Wu Jian Council.
  9634 | D:8      | Reached skill level 7 in Fire Magic
  9653 | D:8      | Reached XP level 10. HP: 18/60 MP: 0/20
  9675 | D:8      | Offered knowledge of Mephitic Cloud by Vehumet.
  9906 | D:8      | Killed Maurice
  9915 | D:8      | Gained mutation: You are clumsy. (Dex -2) [potion of
                  | mutation]
  9915 | D:8      | Gained mutation: You have very sharp teeth. [potion of
                  | mutation]
  9915 | D:8      | Gained mutation: Your flesh is heat resistant. (rF+)
                  | [potion of mutation]
  9972 | D:8      | Found a basalt altar of Yredelemnul.
 10124 | D:8      | Reached *** piety under Vehumet
 10458 | D:8      | Found a stormy altar of Qazlal.
 10460 | D:8      | Noticed Erica
 10462 | D:8      | Found a snail-covered altar of Cheibriados.
 10534 | D:8      | Found a hazy altar of Hepliaklqana.
 10550 | D:8      | Killed Grum
 11039 | D:9      | Offered knowledge of Olgreb's Toxic Radiance by Vehumet.
 11056 | D:9      | Learned a level 4 spell: Olgreb's Toxic Radiance
 11178 | D:9      | Found a glowing silver altar of Zin.
 11235 | D:9      | Found Faepleeh's Weapon Emporium.
 11284 | D:9      | Reached skill level 8 in Fire Magic
 11702 | D:10     | Entered Level 10 of the Dungeon
 11733 | D:10     | Noticed a gargoyle
 11735 | D:10     | Killed a gargoyle
 11735 | D:10     | Reached skill level 1 in Poison Magic
 11782 | D:10     | Noticed a gargoyle
 11786 | D:10     | Killed a gargoyle
 11844 | D:10     | Found a flagged portal.
 11854 | Bailey   | Entered a bailey
 11877 | Bailey   | Noticed an orc knight
 11886 | Bailey   | Killed an orc knight
 11886 | Bailey   | Reached XP level 11. HP: 56/67 MP: 9/23
 11894 | Bailey   | Reached **** piety under Vehumet
 11939 | Bailey   | Offered knowledge of Venom Bolt by Vehumet.
 12284 | D:10     | Found a staircase to the Lair.
 12766 | Lair:1   | Entered Level 1 of the Lair of Beasts
 12863 | Lair:1   | Reached skill level 9 in Fire Magic
 13650 | Lair:1   | Reached ***** piety under Vehumet
 13653 | Lair:1   | Noticed an eight-headed hydra
 13657 | Lair:1   | Killed an eight-headed hydra
 14311 | Lair:2   | Learned a level 5 spell: Bolt of Draining
 14440 | Lair:2   | Reached XP level 12. HP: 72/72 MP: 24/25
 14475 | Lair:2   | Offered knowledge of Bolt of Magma by Vehumet.
 14478 | Lair:2   | Reached skill level 10 in Spellcasting
 15197 | Lair:3   | Reached skill level 5 in Poison Magic
 15210 | Lair:3   | Reached skill level 10 in Fire Magic
 15545 | Lair:3   | Found a hole to the Spider Nest.
 15555 | Lair:3   | Reached skill level 5 in Maces & Flails
 15584 | Lair:3   | Reached skill level 5 in Dodging
 15911 | Lair:3   | Found a staircase to the Shoals.
 16916 | Lair:4   | Noticed smtktc's ghost (journeyman DECj)
 16929 | Lair:4   | Noticed a four-headed hydra
 16930 | Lair:4   | Found a runed gate.
 16930 | Lair:4   | Found a runed gate.
 17203 | Lair:4   | Reached XP level 13. HP: 17/79 MP: 17/28
 17574 | Lair:4   | Reached skill level 1 in Shields
 17829 | Lair:4   | Found a runed gate.
 17896 | Lair:4   | Reached skill level 1 in Necromancy
 18134 | Lair:4   | Got a vibrating granite ring
 18137 | Lair:4   | Identified the ring of Javigoith {rC- MR+ Dex+2 Slay+6
                  | SInv} (You found it on level 4 of the Lair of Beasts)
 18197 | Lair:4   | Reached skill level 10 in Conjurations
 19306 | Lair:5   | Reached skill level 11 in Fire Magic
 19790 | Lair:6   | Entered Level 6 of the Lair of Beasts
 19800 | Lair:6   | Reached skill level 5 in Shields
 20123 | Lair:6   | Found a staircase to the Slime Pits.
 20124 | Lair:6   | Found a viscous altar of Jiyva.
 20323 | Lair:6   | Offered knowledge of Spellforged Servitor by Vehumet.
 20540 | Lair:6   | Reached XP level 14. HP: 54/85 MP: 29/29
 21353 | Lair:6   | Noticed a dire elephant
 21353 | Lair:6   | Noticed a dire elephant
 21363 | Lair:6   | Killed a dire elephant
 21366 | Lair:6   | Killed a dire elephant
 21387 | Lair:6   | Got a translucent marble ring
 21388 | Lair:6   | Identified the ring of Jiun {+Inv MP+9 Int+5 Dex+5} (You
                  | found it on level 6 of the Lair of Beasts)
 21491 | Lair:6   | Noticed a dire elephant
 21501 | Lair:6   | Noticed a dire elephant
 21501 | Lair:6   | Noticed a dire elephant
 21509 | Lair:6   | Noticed a dire elephant
 21522 | Lair:6   | Killed a dire elephant
 21545 | Lair:6   | Killed a dire elephant
 21546 | Lair:6   | Killed a dire elephant
 22439 | D:11     | Found a staircase to the Orcish Mines.
 22709 | D:11     | Found an ornate altar of the Wu Jian Council.
 23301 | D:12     | Noticed brandon's ghost (journeyman DEFE)
 23354 | D:12     | Found a transporter.
 23378 | D:12     | Found a transporter.
 23578 | D:12     | Killed brandon's ghost
 23590 | D:12     | Got a smoking silver ring
 23597 | D:12     | Identified the ring "Fidahim" {rElec Dex+2 Stlth-} (You
                  | found it on level 12 of the Dungeon)
 23640 | D:13     | Offered knowledge of Ozocubu's Refrigeration by Vehumet.
 24006 | D:13     | Noticed Azrael
 24043 | D:13     | Reached skill level 12 in Fire Magic
 24136 | D:13     | Found a basalt altar of Yredelemnul.
 24343 | D:13     | Noticed Urug
 24346 | D:13     | Killed Urug
 24491 | D:13     | Killed Azrael
 25077 | D:4      | Killed Sharpo's ghost
 25363 | Orc:1    | Entered Level 1 of the Orcish Mines
 25471 | Orc:2    | Entered Level 2 of the Orcish Mines
 25494 | Orc:2    | Found a staircase to the Elven Halls.
 25533 | Orc:2    | Reached XP level 15. HP: 89/90 MP: 31/31
 25653 | Orc:2    | Found a labyrinth entrance.
 25672 | Lab      | Entered a labyrinth
 26169 | Lab      | Identified the Compendium of Earthen Bewitchment
 26173 | Lab      | Got a translucent shortbow
 26341 | Orc:2    | Gained mutation: You are dopey. (Int -2) [a neqoxec]
 26345 | Orc:2    | Noticed an orc warlord
 26349 | Orc:2    | Reached ****** piety under Vehumet
 26353 | Orc:2    | Killed an orc warlord
 26359 | Orc:2    | Offered knowledge of Bolt of Fire by Vehumet.
 26624 | Orc:2    | Found Oriet's Antique Armour Shoppe.
 26625 | Orc:2    | Found Uvoerres's Antique Weapon Shoppe.
 26627 | Orc:2    | Found Kojifoll's General Store.
 26627 | Orc:2    | Found Cilalued's Book Emporium.
 26650 | Orc:2    | Learned a level 6 spell: Bolt of Fire
 26656 | Orc:2    | Learned a level 5 spell: Irradiate
 26724 | Orc:2    | Found a bloodstained altar of Trog.
 26795 | Orc:2    | Identified the +3 shortbow of Amorality {flame, Int+3} (You
                  | found it in a labyrinth)
 27873 | D:14     | Found a gate to the Vaults.
 28855 | D:15     | Entered Level 15 of the Dungeon
 28932 | D:15     | Reached skill level 13 in Fire Magic
 29109 | D:15     | Noticed Josephine
 29114 | D:15     | Killed Josephine
 29116 | D:15     | Offered knowledge of Orb of Destruction by Vehumet.
 29130 | D:15     | Learned a level 7 spell: Orb of Destruction
 29165 | D:15     | Reached XP level 16. HP: 88/97 MP: 27/34
 29254 | D:15     | Found Honuss's Antique Armour Shoppe.
 29589 | Orc:2    | Bought a book of Battle for 440 gold pieces
 30010 | D:15     | Learned a level 3 spell: Regeneration
 30125 | D:15     | Reached skill level 1 in Axes
 30125 | D:15     | Reached skill level 1 in Charms
 30125 | D:15     | Reached skill level 1 in Ice Magic
 30125 | D:15     | Reached skill level 1 in Evocations
 30125 | D:15     | Reached XP level 17. HP: 101/101 MP: 35/35
 30210 | D:15     | Found a staircase to the Depths.
 30546 | Spider:1 | Entered Level 1 of the Spider Nest
 30570 | Spider:1 | Reached skill level 1 in Transmutations
 30573 | Spider:1 | Reached skill level 10 in Shields
 31328 | Spider:2 | Offered knowledge of Freezing Cloud by Vehumet.
 32698 | Spider:3 | Reached skill level 15 in Spellcasting
 32960 | Spider:3 | Reached XP level 18. HP: 107/107 MP: 37/37
 33502 | Spider:4 | Entered Level 4 of the Spider Nest
 33509 | Spider:3 | Reached skill level 14 in Fire Magic
 33617 | Spider:4 | Offered knowledge of Conjure Ball Lightning by Vehumet.
 33928 | Spider:4 | Reached skill level 5 in Fighting
 34906 | Spider:4 | Learned a level 2 spell: Blink
 34973 | Spider:4 | Reached skill level 1 in Translocations
 35283 | Spider:4 | Offered knowledge of Fire Storm by Vehumet.
 35283 | Spider:4 | Offered knowledge of Shatter by Vehumet.
 35283 | Spider:4 | Offered knowledge of Ignition by Vehumet.
 35294 | Spider:4 | Learned a level 8 spell: Ignition
 35387 | Spider:4 | Got a gossamer rune of Zot
 35612 | Shoals:1 | Entered Level 1 of the Shoals
 36217 | Shoals:1 | Noticed a titan
 36219 | Shoals:1 | Killed a titan
 36672 | Shoals:1 | Noticed Nikola
 36677 | Shoals:1 | Killed Nikola
 36677 | Shoals:1 | Reached skill level 15 in Fire Magic
 36677 | Shoals:1 | Reached XP level 19. HP: 113/113 MP: 28/38
 37327 | Shoals:2 | Noticed Louise
 37329 | Shoals:2 | Killed Louise
 38234 | Shoals:3 | Found a runed gate.
 38234 | Shoals:3 | Found a runed gate.
 38234 | Shoals:3 | Found a runed gate.
 38235 | Shoals:3 | Noticed Gaham's ghost (adept BaHu)
 38389 | Shoals:3 | Killed Gaham's ghost
 38590 | Shoals:3 | Learned a level 2 spell: Sublimation of Blood
 38798 | Shoals:3 | Found Weem's Assorted Antiques.
 38811 | Shoals:3 | Found Esuubluo's Assorted Antiques.
 38814 | Shoals:3 | Bought a tubular agate ring for 160 gold pieces
 38818 | Shoals:3 | Bought a bronze ring for 160 gold pieces
 38852 | Shoals:3 | Found Xeefaytt's Jewellery Emporium.
 38860 | Shoals:3 | Bought a +6 amulet of reflection for 760 gold pieces
 39199 | Shoals:4 | Entered Level 4 of the Shoals
 39362 | Shoals:4 | Reached skill level 16 in Fire Magic
 40233 | Shoals:4 | Got a barnacled rune of Zot
 40388 | Shoals:4 | Identified a scroll of acquirement
 40531 | Shoals:4 | Got a faintly glowing copper amulet
 40532 | Shoals:4 | Identified the amulet "Qoba" {Reflect rElec rN+ Dex-3 SH+3}
                  | (You found it on level 4 of the Shoals)
 40881 | Vaults:1 | Entered Level 1 of the Vaults
 40886 | Vaults:1 | Noticed Asterion
 40897 | Vaults:1 | Killed Asterion
 41032 | Vaults:1 | Reached skill level 5 in Necromancy
 41049 | Vaults:1 | Reached XP level 20. HP: 119/119 MP: 12/40
 42258 | Vaults:1 | Reached skill level 17 in Fire Magic
 42760 | Vaults:2 | Found a staircase to the Crypt.
 42760 | Vaults:2 | Found a basalt altar of Yredelemnul.
 42761 | Vaults:2 | Found an ancient bone altar of Kikubaaqudgha.
 42935 | Vaults:2 | Noticed Frederick
 42939 | Vaults:2 | Killed Frederick
 43016 | Vaults:2 | Lost mutation: You are dopey. (Int -2) [potion of mutation]
 43016 | Vaults:2 | Lost mutation: You are clumsy. (Dex -2) [potion of
                  | mutation]
 43016 | Vaults:2 | Gained mutation: You expend magic power (3 MP) to
                  | strengthen your wands. [potion of mutation]
 43898 | Vaults:3 | Reached XP level 21. HP: 124/124 MP: 42/42
 43999 | Vaults:3 | Noticed Mennas
 44005 | Vaults:3 | Killed Mennas
 44030 | Vaults:3 | Reached skill level 18 in Fire Magic
 45454 | Lair:4   | Killed smtktc's ghost
 45711 | D:8      | Found a bloodstained altar of Trog.
 45713 | D:8      | Killed Erica
 45819 | Elf:1    | Entered Level 1 of the Elven Halls
 46062 | Elf:1    | Found Bioxkas's Food Shoppe.
 46077 | Elf:1    | Learned a level 4 spell: Airstrike
 46433 | Elf:1    | Found Cek Hizoerre's Antique Weapon Boutique.
 46493 | Elf:1    | Found Qiuxakli's Antique Weapon Shop.
 46520 | Elf:1    | Reached skill level 1 in Air Magic
 46856 | Elf:1    | Found Loikh's Distillery.
 46893 | Elf:1    | Found Jemiwuuh's Distillery.
 46901 | Elf:1    | Bought a potion of heal wounds for 65 gold pieces
 46901 | Elf:1    | Bought a potion of curing for 39 gold pieces
 46901 | Elf:1    | Bought a potion of heal wounds for 65 gold pieces
 47038 | Elf:2    | Reached skill level 1 in Polearms
 47132 | Elf:2    | Reached XP level 22. HP: 117/130 MP: 38/43
 47243 | Elf:2    | Found a runed gate.
 47243 | Elf:2    | Found a runed gate.
 47248 | Elf:2    | Found a runed gate.
 47602 | Elf:2    | Found Byxzuh's Armour Shoppe.
 47605 | Elf:2    | Reached skill level 19 in Fire Magic
 47614 | Elf:2    | Bought the +3 warlock's mirror {reflect} for 720 gold
                  | pieces
 47614 | Elf:2    | Found the +3 warlock's mirror {reflect}
 47854 | Elf:2    | Reached skill level 15 in Conjurations
 48552 | Elf:3    | Entered Level 3 of the Elven Halls
 48719 | Elf:3    | Found Teagref's Antique Weapon Shop.
 48993 | Elf:3    | Found a portal to a secret trove of treasure.
 49148 | Elf:3    | Reached skill level 5 in Air Magic
 49294 | Elf:3    | Got a twisted morningstar {freeze}
 49312 | Elf:3    | Identified the +6 morningstar "Plog" {freeze, +Fly rPois
                  | rN+} (You took it off a deep elf knight on level 3 of the
                  | Elven Halls)
 49320 | Elf:3    | Got a fine short sword {speed}
 49331 | Elf:3    | Shot with an arrow by a deep elf master archer

Skill      XL: |  1  2  3  4  5  6  7  8  9 10 11 12 13 14 15 16 17 18 19 20 21 22 |
---------------+-------------------------------------------------------------------+-----
Stealth        | 3 4 5 6 7 |  7.8
Short Blades   | 1 |  1.8
Conjurations   | 2 3 4 5 6 7 8 9 10 11 12 13 14 15 | 15.1
Fire Magic     | 4 5 7 8 9 10 11 12 13 15 16 17 18 19 | 19.8
Spellcasting   | 3 4 5 7 8 9 11 12 14 15 16 17 18 | 18.5
Fighting       | 1 2 3 4 5 |  5.3
Dodging        | 3 4 5 6 7 8 |  8.5
Maces & Flails | 1 2 3 4 5 6 |  6.1
Poison Magic   | 3 4 6 7 8 |  8.8
Shields        | 5 7 9 10 11 12 13 | 13.4
Necromancy     | 1 2 3 5 7 8 |  8.3
Axes           | 1 |  1.0
Charms         | 1 2 3 |  3.4
Ice Magic      | 1 |  1.0
Evocations     | 1 |  1.1
Transmutations | 1 |  1.4
Translocations | 1 |  1.6
Air Magic      | 2 5 |  5.5
Polearms       | 1 |  1.3
Long Blades    | |  0.1

Action                   |  1- 3 |  4- 6 |  7- 9 | 10-12 | 13-15 | 16-18 | 19-21 | 22-24 || total
-------------------------+-------+-------+-------+-------+-------+-------+-------+-------++-------
Melee: Constrict         |    14 |     6 |    25 |    12 |    13 |     1 |     1 |     2 ||    74
       Unarmed           |     7 |       |       |       |       |       |       |       ||     7
       Short sword       |    50 |    18 |       |       |       |       |       |       ||    68
       Tentacles         |     8 |     4 |    17 |    16 |    17 |     1 |     3 |     1 ||    67
       Whip              |       |     3 |   113 |    54 |    98 |     9 |     5 |       ||   282
       Dire flail        |       |       |       |    59 |       |       |       |       ||    59
       Bite              |       |       |       |     6 |    16 |     1 |     1 |     1 ||    25
       Demon trident     |       |       |       |       |       |       |    11 |     7 ||    18
       Long sword        |       |       |       |       |       |       |       |     2 ||     2
Throw: Tomahawk          |       |       |       |       |       |       |       |     1 ||     1
 Cast: Flame Tongue      |    44 |    42 |   181 |    70 |    46 |     6 |    10 |       ||   399
       Throw Flame       |    10 |    15 |    51 |    23 |     5 |       |       |       ||   104
       Sticky Flame      |       |     1 |    25 |    36 |    30 |    16 |       |       ||   108
       Fireball          |       |       |     4 |   109 |   281 |   161 |    80 |    16 ||   651
       Olgreb's Toxic Ra |       |       |       |    23 |    28 |    25 |       |       ||    76
       Bolt of Draining  |       |       |       |     5 |    27 |       |     9 |       ||    41
       Throw Frost       |       |       |       |       |    24 |     1 |     2 |       ||    27
       Bolt of Fire      |       |       |       |       |    23 |    92 |   198 |    35 ||   348
       Regeneration      |       |       |       |       |       |    25 |    20 |     9 ||    54
       Irradiate         |       |       |       |       |       |    11 |     8 |       ||    19
       Orb of Destructio |       |       |       |       |       |     7 |     8 |     5 ||    20
       Ignition          |       |       |       |       |       |     6 |    86 |    33 ||   125
       Sublimation of Bl |       |       |       |       |       |       |    14 |     9 ||    23
       Airstrike         |       |       |       |       |       |       |    11 |    33 ||    44
       Blink             |       |       |       |       |       |       |     1 |       ||     1
Evoke: Wand              |       |       |       |     1 |     3 |       |     2 |       ||     6
  Use: Scroll            |       |       |     3 |    13 |    10 |    10 |     6 |     3 ||    45
       Potion            |       |       |     3 |    13 |     4 |     4 |     2 |     3 ||    29
 Stab: Sleeping          |     4 |     2 |     7 |     1 |     3 |       |     2 |     2 ||    21
  Eat: Chunk             |     5 |     4 |    25 |    32 |    55 |    22 |    53 |    12 ||   208
       Ration            |       |       |       |     5 |     2 |     4 |     2 |       ||    13
Armor: Skin              |     3 |     2 |     3 |     9 |     2 |     3 |     2 |       ||    24
Dodge: Dodged            |    65 |    24 |   139 |   140 |    81 |    82 |    25 |     6 ||   562
Block: Shield            |       |       |       |     5 |    69 |   101 |    64 |     3 ||   242
       Reflection        |       |       |       |       |       |     7 |    31 |     1 ||    39
       Large shield      |       |       |       |       |       |       |     2 |       ||     2
       Buckler           |       |       |       |       |       |       |       |     4 ||     4
       Rpst.: Long sword |       |       |       |       |       |       |       |     1 ||     1
